 Dungeon Crawl Stone Soup version 0.30.1-9-gdf580d7c3d (webtiles) character file.

Game seed: 17585482755634102983

658 lonewolfV2 the Chopper (level 7, 0/55 HPs)
             Began as a Formicid Fighter on Sept 27, 2023.
             Was an Initiate of Gozag.
             Slain by an iguana (6 damage)
             ... on level 4 of the Dungeon.
             The game lasted 00:06:16 (3323 turns).

lonewolfV2 the Chopper (Formicid Fighter)           Turns: 3323, Time: 00:06:18

Health: 0/55       AC:  7    Str: 23    XL:     7   Next: 85%
Magic:  7/7        EV: 10    Int:  7    God:    Gozag
Gold:   215        SH:  6    Dex: 13    Spells: 6/6 levels left

rFire   . . .        a - +1 war axe
rCold   + . .        c - +1 buckler
rNeg    + . .        b - +0 scale mail
rPois   .            (helmet unavailable)
rElec   .            (no cloak)
rCorr   .            (no gloves)
SInv    +            (no boots)
Will    .....        (no amulet) Stlth
                     j - ring of positive energy
HPRegen 0.29/turn    m - ring of protection from cold
MPRegen 0.10/turn

%: no passive effects
@: no status effects
A: permanent stasis, dig shafts and tunnels, antennae 3, four strong arms
a: Dig, Shaft Self, Renounce Religion, Potion Petition, Call Merchant, Bribe
Branch


You were on level 4 of the Dungeon.
You worshipped Gozag.
Gozag was aware of your devotion.
You visited 2 branches of the dungeon, and saw 6 of its levels.

You collected 286 gold pieces.
You paid 71 gold pieces to Gozag.

Inventory:

Hand Weapons
 a - a +1 war axe (weapon)
Armour
 b - a +0 scale mail (worn)
 c - a +1 buckler (worn)
Jewellery
 j - a ring of positive energy (left hand)
 k - a ring of willpower
 m - a ring of protection from cold (right hand)
 o - an amulet of magic regeneration
Wands
 r - a wand of roots (9)
Scrolls
 e - 2 scrolls of blinking
 h - 2 scrolls of enchant weapon
 l - 2 scrolls of enchant armour
Potions
 d - a potion of might
 f - a potion of curing
 g - a potion of mutation {unknown}
 i - a potion of ambrosia
 n - a potion of cancellation {unknown}
 p - a potion of invisibility
 q - a potion of attraction {unknown}


   Skills:
 + Level 4.7 Fighting
 + Level 6.2 Axes
 + Level 4.7 Armour
 + Level 0.8 Dodging
 + Level 0.2 Stealth
 + Level 5.2 Shields


You had 6 spell levels left.
You didn't know any spells.
Your spell library contained the following spells:

 Spells                   Type           Power      Damage    Failure   Level
 Necrotise                Necr           0%         1d4       80%         1
 Ozocubu's Armour         Ice            0%         N/A       99%         3
 Vampiric Draining        Necr           0%         2d6       99%         3
 Manifold Assault         Tloc           0%         N/A       100%        4
 Agony                    Necr           0%         N/A       100%        5
 Ozocubu's Refrigeration  Ice            0%         4d7       100%        7
 Storm Form               Tmut/Air       0%         N/A       100%        7
 Blink                    Tloc           Unusable   N/A       N/A         2

Dungeon Overview and Level Annotations

Branches:
Dungeon (5/15)             Temple (1/1) D:4

Altars:
Dithmenos
Elyvilon
Fedhas
Gozag
Makhleb
Nemelex Xobeh
Ru


Innate Abilities, Weirdness & Mutations

You cannot be hasted, slowed, berserked, paralysed or teleported.
You can dig through walls and to a lower floor.
You have a pair of large antennae on your head. (SInv)
Your four strong arms can wield two-handed weapons with a shield.


Message History

The iguana is moderately wounded.
The iguana closely misses you.
A gnoll comes into view. It is wielding a +0 flail.
The iguana barely misses you. The gnoll hits you with a +0 spear.
* * * LOW HITPOINT WARNING * * *
The iguana bites you but does no damage.
There is a stone staircase leading up here.
The gnoll hits you but does no damage. The iguana completely misses you.
You climb upwards.
There is a stone staircase leading down here.
You hit the iguana.
The iguana is severely wounded.
You slash the gnoll! The iguana closely misses you.
The gnoll hits you with a +0 spear.
* * * LOW HITPOINT WARNING * * *
You block the iguana's attack. The gnoll misses you.
You barely miss the iguana.
The iguana is severely wounded.
You completely miss the gnoll. The iguana closely misses you.
The gnoll hits you but does no damage.
You barely miss the iguana.
The iguana is severely wounded.
You barely miss the gnoll. The iguana barely misses you.
The gnoll barely misses you.
Unknown command.
You barely miss the iguana.
The iguana is severely wounded.
You hit the gnoll but do no damage. The iguana bites you!
* * * LOW HITPOINT WARNING * * *
You block the gnoll's attack.
You barely miss the iguana.
The iguana is severely wounded.
You completely miss the gnoll. The iguana closely misses you.
The gnoll barely misses you. You block the iguana's attack.
The gnoll hits you with a +0 spear.
* * * LOW HITPOINT WARNING * * *
You feel better. The iguana bites you.
You die...
Your body crumbles into a pile of gold.

######
#...............# #
#.#.##....#.#.#.# #
#.#....##.#.#.#.#
#...#...........#
#...#.##.#.##.#.#
#........#....#.#
###.##.#.#...#....#
####
###......#.#.>.#.##..
...#
#...@l.#.............
##.#####
#.##.g.#....#.#.#...#
.......#
##........##.#.#.#.#.#
...###.#
#......#...........#.#
#### #.#
#.[....#.#.#.##.#....#
#.#
#.###....#.#....#.##.#
####.# #.#
#................#
#....# #.#
#.###.#.#.....####
#.####
#.###.###...##.....##


You could see an iguana and a gnoll.

Vanquished Creatures
  Grinder (D:3)
  A scorpion (D:4)
  4 orc priests
  A hound (D:5)
  An orc wizard (D:3)
  Natasha (thrice) (D:4)
  3 adders
  An ufetubus (D:3)
  2 worms
  3 dart slugs
  13 orcs
  8 endoplasms
  13 giant cockroaches
  6 goblins
  7 hobgoblins
  3 quokkas
  5 ball pythons
  3 bats
  4 frilled lizards (D:1)
  2 kobolds (D:1)
  5 rats
89 creatures vanquished.

Notes
Turn   | Place    | Note
-------+----------+-------------------------------------------
     0 | D:1      | lonewolfV2 the Formicid Fighter began the quest for the
                  | Orb.
     0 | D:1      | Reached XP level 1. HP: 18/18 MP: 1/1
    70 | D:1      | Reached XP level 2. HP: 7/24 MP: 2/2
   339 | D:1      | Found a faded altar of an unknown god.
   365 | D:1      | Reached XP level 3. HP: 20/29 MP: 3/3
  1502 | D:3      | Reached skill level 3 in Axes
  1539 | D:3      | Reached XP level 4. HP: 33/35 MP: 4/4
  1586 | D:3      | Noticed Grinder
  1605 | D:3      | Killed Grinder
  1606 | D:3      | Reached skill level 4 in Axes
  1606 | D:3      | Reached XP level 5. HP: 37/43 MP: 5/5
  1606 | D:3      | Reached XP level 6. HP: 43/49 MP: 6/6
  1672 | D:3      | Reached skill level 5 in Axes
  1759 | D:3      | Found a sparkling altar of Nemelex Xobeh.
  1785 | D:3      | Reached XP level 7. HP: 36/55 MP: 7/7
  2327 | D:4      | Found a sacrificial altar of Ru.
  2359 | D:4      | Found a burning altar of Makhleb.
  2471 | D:4      | Noticed Natasha
  2477 | D:4      | Killed Natasha
  2546 | D:4      | Found a staircase to the Ecumenical Temple.
  2548 | D:4      | Noticed Natasha
  2555 | D:4      | Killed Natasha
  2565 | Temple   | Entered the Ecumenical Temple
  2576 | Temple   | Became a worshipper of Gozag Ym Sagoz the Greedy
  2629 | D:4      | Reached skill level 5 in Shields
  2635 | D:4      | Reached skill level 6 in Axes
  3236 | D:4      | Noticed Natasha
  3242 | D:4      | Killed Natasha
  3297 | D:5      | Entered Level 5 of the Dungeon
  3322 | D:4      | HP: 1/55 [gnoll/+0 spear[a gnoll bouda] (6)]
  3323 | D:4      | Slain by an iguana

Illustrated notes

Levels and vault maps discovered:
D:1:      grunt_arrival_lava_bath, layout_rooms, ebering_ecumenical_altar_hall
D:2:      layout_basic
D:3:      minmay_roachtagon, layout_loops_ring, mainiacjoe_overflow_catwalk,
          uniq_grinder
D:4:      layout_loops_corners, mainiacjoe_overflow_brackets,
          nicolae_ru_sacrificial_ziggurat, minmay_temple_entry_ruins,
          hangedman_decor_points, uniq_natasha
D:5:      layout_loops_cross, serial_shops, shop, hangedman_decor_lopped,
          uniq_menkaure, uniq_ijyb, uniq_eustachio, uniq_sigmund
Temple:   chequers_temple_sunken

Skill      XL: |  1  2  3  4  5  6  7 |
---------------+----------------------+-----
Axes           | 3 4 5 6 |  6.2
Fighting       | 4 |  4.7
Armour         | 4 |  4.7
Shields        | 5 |  5.2
Dodging        | |  0.8
Stealth        | |  0.2

Action                     |  1- 3 |  4- 6 |  7- 9 || total
---------------------------+-------+-------+-------++-------
  Melee: War axe           |    59 |    57 |   100 ||   216
    Use: Scroll            |     9 |       |     2 ||    11
         Potion            |       |       |     1 ||     1
 Armour: Scale mail        |    36 |    29 |    37 ||   102
  Dodge: Dodged            |    39 |    25 |    46 ||   110
  Block: Buckler           |    23 |    19 |    32 ||    74
